 Dungeon Crawl Stone Soup version 0.19.4-9-g45fd643 (console) character file.

9188 Morrissey the Cleaver (level 11, -4/100 HPs)
             Began as a Minotaur Berserker on Feb 16, 2017.
             Was a High Priest of Trog.
             Killed from afar by a hell hound (7 damage)
             ... with a blast of flame
             ... led by Azrael
             ... on level 12 of the Dungeon.
             The game lasted 00:13:15 (9350 turns).

Morrissey the Cleaver (Minotaur Berserker)          Turns: 9350, Time: 00:13:15

Health: -4/100     AC: 16    Str: 21 (22) XL:     11   Next: 19%
Magic:  10/10      EV: 10    Int:  4      God:    Trog [*****.]
Gold:   465        SH:  0    Dex: 13      Spells: 0 memorised, 10 levels left

rFire  . . .     SeeInvis +     a - +2 war axe
rCold  . . .     Gourm    .     q - +0 plate armour
rNeg   . . .     Faith    +     (no shield)
rPois  .         Spirit   .     D - +2 hat
rElec  .         Reflect  .     (no cloak)
rCorr  +         Harm     .     (no gloves)
MR     .....                    (no boots)
Stlth  ..........               v - amulet of faith
                                G - ring of resist corrosion
                                p - ring of see invisible

@: exhausted, about to teleport, slowed, very slow
A: retaliatory headbutt, horns 2
a: Berserk, Trog's Hand, Brothers in Arms, Burn Spellbooks, Renounce Religion


You were on level 12 of the Dungeon.
You worshipped Trog.
Trog was extremely pleased with you.
You were not hungry.

You visited 1 branch of the dungeon, and saw 12 of its levels.

You collected 465 gold pieces.

Inventory:

Hand Weapons
 a - a +2 war axe (weapon)
 b - a +1 hand axe of flaming
 H - a +3 arbalest of freezing
 T - a +0 war axe
Missiles
 O - 2 needles of sleeping
Armour
 q - a +0 plate armour (worn)
 D - a +2 hat (worn)
Jewellery
 p - a ring of see invisible (left hand)
 v - an amulet of faith (around neck)
 x - an uncursed ring of flight
 E - an uncursed ring of positive energy
 G - a ring of resist corrosion (right hand)
 K - a +5 ring of intelligence
 M - a +5 ring of intelligence
 Q - an uncursed ring of stealth
 V - a +3 amulet of reflection {unknown}
Wands
 I - a wand of digging (16/24)
 L - a wand of flame (27/48)
 N - a wand of lightning (4/15)
 S - a wand of paralysis (18/24)
Scrolls
 e - 4 scrolls of teleportation
 g - 4 scrolls of fog {unknown}
 i - 14 scrolls of identify
 k - a scroll of blinking {unknown}
 l - 4 scrolls of immolation {unknown}
 o - 4 scrolls of enchant weapon {unknown}
 u - 3 scrolls of random uselessness {unknown}
 y - 5 scrolls of remove curse {unknown}
 z - 3 scrolls of amnesia {unknown}
 B - a scroll of recharging {unknown}
 P - a scroll of noise {unknown}
 U - 2 scrolls of enchant armour {unknown}
Potions
 h - 3 potions of might
 j - 2 potions of flight
 m - 2 potions of agility
 n - 3 potions of lignification
 s - a potion of haste
 t - 2 potions of berserk rage
 w - 2 potions of degeneration
 F - a potion of magic {unknown}
 J - a potion of heal wounds {unknown}
 R - a potion of brilliance {unknown}
Comestibles
 c - 7 bread rations
 d - 25 fruits
 f - 2 meat rations
 r - 8 beef jerkies
 A - 3 slices of pizza


   Skills:
 + Level 10.2 Fighting
 * Level 13.3 Axes
 + Level 9.4 Armour
 + Level 8.9 Dodging


You had 10 spell levels left.
You didn't know any spells.

Dungeon Overview and Level Annotations

Branches:
Dungeon (12/15)            Temple (0/1) D:4            Lair (0/6) D:9
    Orc (0/2) D:9

Altars:
Cheibriados
Dithmenos
Elyvilon
Fedhas
Gozag
Kikubaaqudgha
Nemelex Xobeh
Qazlal
Sif Muna
Uskayaw
Xom
Yredelemnul
The Shining One

Shops:
D:9 [   D:10 (

Annotations:
D:12 Azrael


Innate Abilities, Weirdness & Mutations

You reflexively headbutt those who attack you in melee.
You have a pair of horns on your head.


Message History

The blast of flame hits the hell hound.
The hell hound completely resists.
The blast of flame hits the hell hound.
The hell hound completely resists.
The blast of flame hits you!
* * * LOW HITPOINT WARNING * * *
The hell hound bites you but does no damage.
The yak gores you.
* * * LOW HITPOINT WARNING * * *
The yak gores you.
* * * LOW HITPOINT WARNING * * *
The hell hound breathes flames at you. The blast of flame hits you!
* * * LOW HITPOINT WARNING * * *
Found a buckler and a short bone wand.
The hell hound bites you but does no damage.
Your surroundings seem slightly different.
As you read the scroll of teleportation, it crumbles to dust.
You feel strangely unstable. The hell hound breathes flames at you.
The blast of flame hits you!
You die...

#######... ...
.................. ...
..........##.....) ..
.....}..........##
..#...#.............
.#...#.........#..†
...................
#...#.........#...
#@h.h.........#...
###Z.h...#.#####...
.........h..Y..## #.h.
...........YY..[###R...
............R§§...[....
.........?.....§......#
................R§...
#.................§..
#..................§.


You could see Azrael, 3 yaks, 4 hell hounds and a bullfrog skeleton.

Vanquished Creatures
  The ghost of Rrauwl the Basher, a journeyman GrBe of Trog (D:11)
  Urug (D:11)
  2 hill giants
  An ugly thing (D:11)
  A manticore (D:10)
  A tengu conjurer (D:11)
  3 trolls
  A hippogriff (D:11)
  A shadow (D:9)
  2 chaos spawn (D:9)
  A hell hound (D:12)
  2 orc warriors
  2 ice beasts
  4 phantoms
  The ghost of baghtru the Skirmisher, an amateur HOFi (D:3)
  3 sky beasts
  A necrophage (D:6)
  3 ogres
  2 centaurs (D:6)
  2 big kobolds (D:7)
  9 bullfrogs
  2 wyvern zombies (D:9)
  A scorpion (D:9)
  5 killer bees (D:8)
  3 howler monkeys
  3 jellies
  7 crimson imps
  2 centaur zombies
  2 gnoll shamans
  4 hounds
  2 orc priests (D:8)
  A centaur skeleton (D:4)
  2 iguanas (D:11)
  4 orc wizards
  6 worker ants
  36 gnolls
  14 adders
  4 oozes
  3 worms
  A dart slug (D:2)
  7 leopard geckos
  48 orcs
  7 bats
  5 giant cockroaches
  8 goblins
  9 hobgoblins
  27 jackals
  13 kobolds
  4 quokkas
  A ball python (D:2)
  4 frilled lizards
  3 leopard gecko skeletons
  A quokka skeleton (D:4)
  3 rats
286 creatures vanquished.

Vanquished Creatures (collateral kills)
  A chaos spawn (D:9)
1 creature vanquished.

Vanquished Creatures (others)
  An orc (D:4)
  A frilled lizard (D:5)
2 creatures vanquished.

Grand Total: 289 creatures vanquished

Notes
Turn   | Place    | Note
-------+----------+-------------------------------------------
     0 | D:1      | Morrissey the Minotaur Berserker began the quest for the Orb.
     0 | D:1      | Reached XP level 1. HP: 19/19 MP: 0/0
   193 | D:1      | Reached XP level 2. HP: 27/27 MP: 1/1
   642 | D:2      | Reached skill level 4 in Axes
   677 | D:2      | Found a faded altar of an unknown god.
   677 | D:2      | Found an ancient bone altar of Kikubaaqudgha.
   682 | D:2      | Found a faded altar of an unknown god.
   684 | D:2      | Found a deep blue altar of Sif Muna.
   686 | D:2      | Found a glowing golden altar of the Shining One.
   739 | D:2      | Reached XP level 3. HP: 33/33 MP: 2/2
   961 | D:2      | Found a shadowy altar of Dithmenos.
   965 | D:2      | Found a snail-covered altar of Cheibriados.
   968 | D:2      | Found a basalt altar of Yredelemnul.
  1032 | D:2      | Reached ** piety under Trog
  1158 | D:2      | Reached XP level 4. HP: 27/40 MP: 3/3
  1315 | D:3      | Reached skill level 5 in Axes
  1321 | D:3      | Found a hide-covered altar of Uskayaw.
  1495 | D:3      | Noticed baghtru's ghost (amateur HOFi)
  1505 | D:3      | Killed baghtru's ghost
  1505 | D:3      | Reached XP level 5. HP: 47/47 MP: 4/4
  1556 | D:3      | Reached *** piety under Trog
  1954 | D:4      | Reached skill level 5 in Fighting
  1954 | D:4      | Reached skill level 6 in Axes
  1954 | D:4      | Reached XP level 6. HP: 40/56 MP: 5/5
  2190 | D:4      | Found a staircase to the Ecumenical Temple.
  2423 | D:4      | Reached **** piety under Trog
  2641 | D:5      | Entered Level 5 of the Dungeon
  2941 | D:5      | Noticed a sky beast
  2953 | D:5      | Killed a sky beast
  2953 | D:5      | Reached skill level 7 in Axes
  2953 | D:5      | Reached XP level 7. HP: 54/61 MP: 6/6
  3517 | D:5      | Reached skill level 5 in Dodging
  3548 | D:5      | Reached ***** piety under Trog
  3634 | D:5      | Reached skill level 8 in Axes
  3691 | D:5      | Reached XP level 8. HP: 65/71 MP: 7/7
  3735 | D:5      | Reached skill level 5 in Armour
  4003 | D:5      | Found a white marble altar of Elyvilon.
  4361 | D:6      | Found an opulent altar of Gozag.
  4511 | D:6      | Reached skill level 9 in Axes
  4657 | D:6      | Found a sparkling altar of Nemelex Xobeh.
  4731 | D:6      | Received a gift from Trog
  4977 | D:7      | Reached XP level 9. HP: 76/79 MP: 8/8
  5269 | D:7      | Reached skill level 10 in Axes
  5281 | D:7      | Found a shimmering altar of Xom.
  6113 | D:9      | Found Dovewkon's Armour Shoppe.
  6131 | D:9      | Noticed a troll
  6145 | D:9      | Killed a troll
  6145 | D:9      | Reached skill level 11 in Axes
  6176 | D:9      | Found a stormy altar of Qazlal.
  6260 | D:9      | Found a shimmering altar of Xom.
  6544 | D:9      | Reached XP level 10. HP: 76/90 MP: 9/9
  6599 | D:9      | Found a blossoming altar of Fedhas.
  7002 | D:9      | Found a staircase to the Orcish Mines.
  7002 | D:9      | Found a staircase to the Lair.
  7227 | D:10     | Entered Level 10 of the Dungeon
  7338 | D:10     | Received a gift from Trog
  7606 | D:10     | Found Mozeaj's Antique Weapon Shop.
  7802 | D:10     | Noticed a manticore
  7815 | D:10     | Killed a manticore
  7815 | D:10     | Reached skill level 12 in Axes
  8206 | D:11     | Noticed a hill giant
  8218 | D:11     | Killed a hill giant
  8255 | D:11     | Noticed Rrauwl's ghost (journeyman GrBe)
  8266 | D:11     | Killed Rrauwl's ghost
  8272 | D:11     | Noticed Urug
  8287 | D:10     | HP: 6/138 [poisoned by Urug]
  8655 | D:11     | Killed Urug
  8854 | D:11     | Noticed a brown ugly thing
  8871 | D:11     | Killed a brown ugly thing
  8871 | D:11     | Reached skill level 13 in Axes
  8914 | D:11     | Reached skill level 10 in Fighting
  8914 | D:11     | Reached XP level 11. HP: 59/99 MP: 10/10
  9317 | D:12     | Noticed a hill giant
  9328 | D:12     | Killed a hill giant
  9336 | D:12     | Noticed Azrael
  9346 | D:12     | HP: 1/100 [hell hound/blast of flame[Azrael] (10)]
  9350 | D:12     | Killed from afar by a hell hound

Skill      XL: |  1  2  3  4  5  6  7  8  9 10 |
---------------+-------------------------------+-----
Fighting       | 4 5 6 7 8 10 | 10.2
Axes           | 4 5 6 7 8 9 11 13 | 13.3
Armour         | 3 4 6 7 9 |  9.4
Dodging        | 3 4 5 6 7 8 |  8.9

Action                   |  1- 3 |  4- 6 |  7- 9 | 10-12 || total
-------------------------+-------+-------+-------+-------++-------
Melee: Hand axe          |   100 |   171 |   222 |       ||   493
       Headbutt          |    14 |    33 |    92 |    39 ||   178
       War axe           |       |       |   188 |   168 ||   356
Invok: Burn Spellbooks   |       |     2 |       |     3 ||     5
       Berserk           |       |     1 |     5 |     6 ||    12
       Trog's Hand       |       |       |     4 |     3 ||     7
       Brothers in Arms  |       |       |     1 |     2 ||     3
  Use: Potion            |       |       |       |    10 ||    10
       Scroll            |       |       |       |     4 ||     4
  Eat: Chunk             |     1 |     7 |    18 |     8 ||    34
       Bread ration      |       |       |       |     3 ||     3
Armor: Animal skin       |     8 |       |       |       ||     8
       Plate armour      |    43 |    92 |   220 |    83 ||   438
Dodge: Dodged            |    51 |    62 |   185 |    71 ||   369
